 Dungeon Crawl Stone Soup version 0.30-a0-782-ge64f9170bb (console) character file.

Game seed: 15567880095513643619

4 utis the Magician (level 1, 16/16 HPs)
             Began as a Human Wanderer on Feb 25, 2023.
             Quit the game on level 1 of the Dungeon.
             The game lasted 00:00:52 (124 turns).

utis the Magician (Human Wanderer)                   Turns: 124, Time: 00:00:53

Health: 16/16      AC:  3    Str: 12    XL:     1   Next: 77%
Magic:  4/4        EV: 10    Int: 11    God:
Gold:   13         SH:  0    Dex: 13    Spells: 5/6 levels left

rFire   . . .      SeeInvis .    a - +2 sling
rCold   . . .      Faith    .    (no shield)
rNeg    . . .      Spirit   .    e - +0 leather armour
rPois   .          Reflect  .    (no helmet)
rElec   .          Harm     .    (no cloak)
rCorr   .          Rampage  .    (no gloves)
Will    .....                    (no boots)
Stlth   +                        (no amulet)
HPRegen 0.22/turn                (no ring)
MPRegen 0.09/turn                (no ring)

@: no status effects
A: no striking features
a: no special abilities


You were on level 1 of the Dungeon.
You visited 1 branch of the dungeon, and saw 1 of its levels.

You collected 13 gold pieces.

Inventory:

Hand Weapons
 a - a +2 sling (weapon)
 c - a +0 dagger
Missiles
 b - 11 poisoned darts
Armour
 e - a +0 leather armour (worn)
Scrolls
 d - a scroll of fog
 f - a scroll of identify {unknown}
 g - a scroll of amnesia {unknown}


   Skills:
 + Level 2.1 Fighting
 + Level 2.1 Ranged Weapons
 - Level 1.1 Throwing
 - Level 3.0 Spellcasting
 - Level 2.1 Air Magic


You had 5 spell levels left.
You knew the following spells:

 Your Spells              Type           Power      Damage    Failure   Level
z - Shock                 Conj/Air       12%        1d3       22%         1

Your spell library contained the following spells:

 Spells                   Type           Power      Damage    Failure   Level
 Vhi's Electric Charge    Tloc/Air       6%         N/A       54%         3


Dungeon Overview and Level Annotations

Branches:
Dungeon (1/15)

Altars:

Shops:
D:1 ?


Message History

You shoot a sling bullet.
The sling bullet closely misses the hobgoblin.
You shoot a sling bullet.
The sling bullet barely misses the hobgoblin.
You shoot a sling bullet.
The sling bullet barely misses the hobgoblin.
You shoot a sling bullet. The sling bullet hits the hobgoblin.
The hobgoblin is almost dead.
The hobgoblin closely misses you.
You shoot a sling bullet.
The sling bullet hits the hobgoblin but does no damage.
The hobgoblin is almost dead.
The hobgoblin barely misses you. x2
You shoot a sling bullet.
The sling bullet closely misses the hobgoblin.
The hobgoblin hits you.
You shoot a sling bullet.
The sling bullet barely misses the hobgoblin.
The hobgoblin hits you.
A goblin comes into view. It is wielding a +0 club.
The hobgoblin barely misses you.
You shoot a sling bullet. The sling bullet hits the hobgoblin.
You kill the hobgoblin!
You shoot a sling bullet. The sling bullet hits the goblin!
You kill the goblin!
Okay, then.
Unknown command.
HP restored.
g - a scroll labelled FAMUUG QISHECH You open the door.
Found Weshroba's Magic Scroll Shop.
Found a stone staircase leading down.
There is an open door here.
There is a stone staircase leading down here.
There is an entrance to Weshroba's Magic Scroll Shop here.
Casting: Shock (safe; 22% risk of failure)
Confirm with . or Enter, or press ? or * to list all spells.
You don't know that spell.
Unknown command.
Unknown command.
Are you sure you want to abandon this character and quit the game? (Confirm with "yes".)

░░.......░░........░░░
░..░░...░░░░..........░
░░░░░░░░░ ░░'░..░░░░.░
░.░..░ ░ ░.░.░░
░░░░░░>░.░
░....░.░.░░░░░
░.░░.░.░......
░░░p░░░░░░░ ░^░ ░.░ ░+░


There were no monsters in sight!

Vanquished Creatures
  2 goblins (D:1)
  A hobgoblin (D:1)
  A frilled lizard (D:1)
4 creatures vanquished.

Notes
Turn   | Place    | Note
-------+----------+-------------------------------------------
     0 | D:1      | utis the Human Wanderer began the quest for the Orb.
     0 | D:1      | utis set off with the following items: a +2 sling, 11
                  | poisoned darts, a +0 dagger, a scroll of fog, a +0 leather
                  | armour; and the following spell memorised: Shock; and the
                  | following spells available to memorise: Vhi's Electric
                  | Charge.
     0 | D:1      | Reached XP level 1. HP: 16/16 MP: 4/4
   116 | D:1      | Found Weshroba's Magic Scroll Shop.
   124 | D:1      | Quit the game

Illustrated notes

Levels and vault maps discovered:
D:1:      lemuel_arrival_tunnels, layout_loops_ring, serial_shops, shop,
          nicolae_shop_hallway_stairs, shop

Action                     || total
---------------------------++-------
   Fire: Sling             ||    16
 Armour: Leather armour    ||     1
  Dodge: Dodged            ||     4

Table legend: (Time is in decaauts)
 A = Elapsed time spent in this place.
 B = Non-inter-level travel time spent in this place.
 C = Inter-level travel time spent in this place.
 D = Time resting spent in this place.
 E = Time spent auto-exploring this place.
 F = Levels seen in this place.
 G = Mean time per level.
                   A        B        C        D        E       F      G
               +--------+--------+--------+--------+--------+-----+--------+
         Total |    129 |    129 |      0 |      2 |     99 |   1 |  129.0 |
       Dungeon |    129 |    129 |      0 |      2 |     99 |   1 |  129.0 |
               +--------+--------+--------+--------+--------+-----+--------+

Top non-repeatable levels by time:
     D:1: 129 daAuts
